 Dungeon Crawl Stone Soup version 0.17-a0-1123-g6d3914c (webtiles) character file.

182 Kisielow the Ducker (level 5, -10/38 HPs)
             Began as a Merfolk Ice Elementalist on May 24, 2015.
             Killed by divine providence
             ... invoked by an orc priest
              (13 damage)
             ... on level 3 of the Dungeon.
             The game lasted 00:08:32 (2670 turns).

Kisielow the Ducker (Merfolk Ice Elementalist)      Turns: 2670, Time: 00:08:32

Health: -10/38     AC:  5    Str:  8    XL:     5   Next: 61%
Magic:  5/8        EV: 15    Int: 15    God:
Gold:   174        SH:  0    Dex: 15    Spells: 3 memorised, 2 levels left

rFire  . . .     SeeInvis .     m - +0 club
rCold  . . .     Clarity  .     a - +0 robe
rNeg   . . .     SustAt   .     (no shield)
rPois  .         Gourm    .     (no helmet)
rElec  .         Spirit   .     e - +0 cloak
rCorr  .         Warding  .     n - +0 pair of gloves
rMut   .         Stasis   .     k - +0 pair of boots
MR     .....                    (no amulet)
Stlth  ++........               (no ring)
                                (no ring)

@: not resistant to hostile enchantments, unstealthy
A: change form in water, swift swim
a: no special abilities


You were on level 3 of the Dungeon.
You were not hungry.

You visited 1 branch of the dungeon, and saw 3 of its levels.

You collected 174 gold pieces.

Inventory:

Hand weapons
 m - a +0 club (weapon)
Armour
 a - a +0 robe (worn)
 e - a +0 cloak (worn)
 k - a +0 pair of boots (worn)
 n - a +0 pair of gloves (worn)
Scrolls
 d - 3 scrolls of remove curse {unknown}
 f - 2 scrolls of noise {unknown}
 g - a scroll of enchant armour {unknown}
 i - 2 scrolls of random uselessness {unknown}
 j - a scroll of immolation {unknown}
 l - 3 scrolls of identify {unknown}
 o - a scroll of fear {unknown}
 r - a scroll of magic mapping {unknown}
 s - a scroll of holy word {unknown}
Potions
 v - a potion of haste
Books
 b - a book of Frost

   Spells                             Type                      Level
   a - Freeze                         Ice                          1
   b - Throw Frost                    Conjuration/Ice              2
   c - Ozocubu's Armour               Charms/Ice                   3
   d - Throw Icicle                   Conjuration/Ice              4
   e - Summon Ice Beast               Ice/Summoning                4
   f - Condensation Shield            Ice                          4
 p - a book of Ice

   Spells                             Type                      Level
   a - Ice Form                       Ice/Transmutation            4
   b - Metabolic Englaciation         Hexes/Ice                    5
   c - Ozocubu's Refrigeration        Ice                          6
   d - Bolt of Cold                   Conjuration/Ice              6
   e - Freezing Cloud                 Conjuration/Ice/Air          6
   f - Simulacrum                     Ice/Necromancy               6
Comestibles
 c - a bread ration
 h - a royal jelly
 q - a beef jerky
 t - a chunk of flesh


   Skills:
 * Level 2.0 Fighting
 * Level 4.9 Dodging
 - Level 2.1 Stealth
 - Level 2.0 Spellcasting
 - Level 0.7 Conjurations
 - Level 3.1 Charms
 - Level 4.0 Ice Magic


You had 2 spell levels left.
You knew the following spells:

 Your Spells              Type           Power        Failure   Level  Hunger
a - Freeze                Ice            ##..         4%          1    #......
b - Throw Frost           Conj/Ice       #.....       14%         2    ###....
q - Ozocubu's Armour      Chrm/Ice       ##......     17%         3    ###....


Dungeon Overview and Level Annotations

Branches:
Dungeon (3/15)

Altars:


Message History

Something smites you!
* * * LOW HITPOINT WARNING * * *
The orc completely misses you.
You barely miss the orc. The orc barely misses you.
You hit the orc but do no damage. The orc misses you.
The orc closely misses you.
You barely miss the orc. The orc hits you but does no damage.
You hit the orc but do no damage. The orc hits you but does no damage.
You hit the orc but do no damage. The orc hits you but does no damage.
You hit the orc but do no damage. The orc misses you.
The orc hits you but does no damage.
You hit the orc but do no damage. The orc hits you but does no damage.
You hit the orc but do no damage. The orc closely misses you.
You hit the orc but do no damage. The orc completely misses you.
The orc hits you but does no damage.
Some of the chunks of flesh in your inventory have rotted away.
You barely miss the orc.
The orc priest calls down the wrath of Beogh upon you.
Something smites you!
You die...

#.########..##
#.# #..# #.#
#..# #.# #..#
###.# #..#
#...# #..#
#.### #..# #.#
#..# ##### #@#
...#
#######...##
#o# ##.#
...........##
##o# .#
#####.#.....
.....
#.#....... ...
#.#.# .# ##.##
##..##.# #.#
##...# #.#
#.##### .


You could see an orc priest and an orc.

Vanquished Creatures
  2 orc wizards (D:3)
  7 adders
  A worm (D:3)
  3 giant geckos
  6 orcs (D:3)
  5 bats
  3 giant cockroaches
  5 hobgoblins
  2 jackals (D:3)
  2 quokkas (D:3)
  2 giant newts
  3 goblins
  10 kobolds
  3 rats
54 creatures vanquished.

Notes
Turn   | Place    | Note
--------------------------------------------------------------
     0 | D:1      | Kisielow the Merfolk Ice Elementalist began the quest for the Orb.
     0 | D:1      | Reached XP level 1. HP: 13/13 MP: 3/3
   256 | D:1      | Reached XP level 2. HP: 19/19 MP: 5/5
   327 | D:1      | Reached skill level 4 in Ice Magic
   884 | D:2      | Reached skill level 1 in Fighting
   884 | D:2      | Reached XP level 3. HP: 23/26 MP: 1/6
  1145 | D:2      | Learned a level 3 spell: Ozocubu's Armour
  1148 | D:2      | Learned a level 2 spell: Throw Frost
  1314 | D:2      | Reached XP level 4. HP: 23/33 MP: 3/7
  1643 | D:2      | Reached skill level 1 in Charms
  2005 | D:3      | Reached XP level 5. HP: 14/38 MP: 0/8
  2660 | D:3      | HP: 1/38 [orc priest/divine providence (11)]
  2670 | D:3      | Killed from afar by an orc priest

Vault maps used:
D:1:      lightli_arrival_statue_moat, serial_corexii_hall,
          corexii_hall_statues_i, corexii_hall_statues_l, corexii_hall_statues_u
D:2:      serial_corexii_hall, corexii_hall_statues_x, corexii_hall_statues_s,
          hangedman_decor_peaks_small, hangedman_abyss_or_decor_stabs,
          nrook_loot_triangle

Action                   |  1- 3 |  4- 6 || total
-------------------------+-------+-------++-------
Melee: Unarmed           |    37 |       ||    37
       Club              |    32 |    54 ||    86
 Cast: Freeze            |    29 |    52 ||    81
       Ozocubu's Armour  |     1 |     2 ||     3
  Use: Potion            |     1 |     3 ||     4
 Stab: Sleeping          |     5 |     1 ||     6
  Eat: Chunk             |     1 |     7 ||     8
